 Dungeon Crawl Stone Soup version 0.30-a0-358-g0d69a1922f (webtiles) character file.

Game seed: 9123088717883824031

81 Fcdlsnvl the Vexing (level 4, -9/21 HPs)
             Began as a Spriggan Enchanter on Nov 9, 2022.
             Mangled by a gnoll sergeant
             ... wielding a +0 trident
              (12 damage)
             ... on level 5 of the Dungeon.
             The game lasted 00:04:36 (1621 turns).

Fcdlsnvl the Vexing (Spriggan Enchanter)            Turns: 1621, Time: 00:04:37

Health: -9/21      AC:  3    Str:  2 (4)  XL:     4   Next: 19%
Magic:  11/11      EV: 21    Int: 13 (16) God:
Gold:   98         SH:  0    Dex: 14 (17) Spells: 3/11 levels left

rFire   . . .      SeeInvis +    a - +2 dagger (chaos)
rCold   . . .      Faith    .    (no shield)
rNeg    . . .      Spirit   .    b - +1 robe
rPois   .          Reflect  .    (helmet restricted)
rElec   .          Harm     .    (no cloak)
rCorr   .          Rampage  .    (gloves unavailable)
Will    .....                    (boots unavailable)
Stlth   +++.......               (no amulet)
HPRegen 0.23/turn                d - +4 ring of evasion
MPRegen 0.12/turn                (no ring)

@: about to teleport, very quick
A: very small, no large weapons, unfitting armour, see invisible, speed 3
a: no special abilities


You were on level 5 of the Dungeon.
You visited 1 branch of the dungeon, and saw 4 of its levels.

You collected 98 gold pieces.

Inventory:

Hand Weapons
 a - a +2 dagger of chaos (weapon)
Armour
 b - a +1 robe (worn)
Jewellery
 d - a +4 ring of evasion (left hand)
Scrolls
 f - a scroll of immolation
 h - 2 scrolls of amnesia
 j - a scroll of teleportation
Potions
 c - 3 potions of invisibility
 e - 2 potions of degeneration
 g - a potion of lignification
 i - a potion of ambrosia


   Skills:
 - Level 1.1 Short Blades
 - Level 2.6 Dodging
 - Level 4.4 Stealth
 + Level 4.4 Spellcasting
 + Level 5.0 Hexes


You had 3 spell levels left.
You knew the following spells:

 Your Spells              Type           Power      Damage    Failure   Level
a - Ensorcelled Hibernat  Hex/Ice        18%        N/A       11%         2
b - Tukima's Dance        Hex            15%        N/A       8%          3
d - Confusing Touch       Hex            15%        N/A       8%          3

Your spell library contained the following spells:

 Spells                   Type           Power      Damage    Failure   Level
 Dazzling Flash           Conj/Hex       18%        N/A       22%         3


Dungeon Overview and Level Annotations

Branches:
Dungeon (3/15)

Altars:
Qazlal

Annotations:
D:5 Eustachio


Innate Abilities, Weirdness & Mutations

You are very small and have problems with some larger weapons.
You are too small for most types of armour.
You have supernaturally acute eyesight. (SInv)
You cover ground extremely quickly. (Speed+++)


Message History

Eustachio is wielding a +4 rapier of venom.
Found a glowing double sword.
An orc warrior comes into view. It is wielding a +0 great sword.
The gnoll sergeant shouts!
A wight comes into view. It is wielding a +0 falchion.
It was a potion of degeneration.
There was something very wrong with that liquid.
You feel weakened.
You feel dopey.
You feel clumsy.
Unknown command.
It was a potion of ambrosia.
You are confused.
You feel invigorated.
The orc warrior shouts!
You hear a shout! x3
Unknown command.
You bump into the rock wall.
You bump into the rock wall.
The jelly hits you.
You are splashed with acid.
You bump into the rock wall.
The jelly closely misses you. The wight hits you with a +0 falchion!
The wight blocks your attack.
You feel less invigorated.
You feel less confused.
Eustachio mumbles some strange words.
The jelly misses you. The gnoll sergeant closely misses you.
The wight barely misses you.
Unknown command.
You hit the wight.
The wight is lightly damaged.
The jelly hits you.
You are splashed with acid!
* * * LOW HITPOINT WARNING * * *
The wight misses you. The gnoll sergeant closely misses you.
Eustachio drinks a potion.
Eustachio's spells are empowered!
The wight closely misses you.
Okay, then.
Unknown command.
Okay, then.
Unknown command.
As you read the scroll of teleportation, it crumbles to dust.
You feel strangely unstable. The jelly misses you. The wight misses you.
The gnoll sergeant hits you from afar with a +0 trident!
Ouch! That really hurt!
You die...

#########
##########z5......
#......oJ@zo..@.5.
#o#########go...5.
#.#.....# ..###..
#J#.###.# ..#)#.
#.#.# #.# .g### @
###o#.###.###o.o...
+>..o...............
#.#)###.#.###...# ##
#.#.....#J# ##


You could see Eustachio (empowered), an orc warrior, a gnoll sergeant, a jelly,
2 iron imps, 2 wights, an orc wizard (invisible), an orc and an ufetubus
(summoned).

Vanquished Creatures
  An orc priest (D:5)
  An adder (D:2)
  A worm (D:2)
  2 bats
  2 endoplasms (D:1)
  A giant cockroach (D:1)
  4 goblins
  7 hobgoblins
  5 jackals (D:1)
  3 kobolds
  3 quokkas
  A ball python (D:1)
  2 frilled lizards (D:1)
  3 rats
36 creatures vanquished.

Notes
Turn   | Place    | Note
-------+----------+-------------------------------------------
     0 | D:1      | Fcdlsnvl the Spriggan Enchanter began the quest for the
                  | Orb.
     0 | D:1      | Reached XP level 1. HP: 9/9 MP: 5/5
   131 | D:1      | Reached skill level 4 in Hexes
   135 | D:1      | Reached XP level 2. HP: 13/13 MP: 7/7
   225 | D:1      | Found a faded altar of an unknown god.
   292 | D:2      | Learned a level 2 spell: Ensorcelled Hibernation
   815 | D:1      | Reached XP level 3. HP: 14/16 MP: 9/9
   867 | D:2      | Learned a level 3 spell: Tukima's Dance
   871 | D:2      | Learned a level 3 spell: Confusing Touch
   956 | D:2      | Found a stormy altar of Qazlal.
  1544 | D:3      | You fall into a shaft and drop 2 floors!
  1544 | D:5      | Entered Level 5 of the Dungeon
  1598 | D:5      | Reached skill level 5 in Hexes
  1598 | D:5      | Reached XP level 4. HP: 2/21 MP: 1/11
  1598 | D:5      | HP: 1/21 [orc/+0 dagger (1)]
  1611 | D:5      | Noticed Eustachio
  1611 | D:5      | Noticed a gnoll sergeant
  1612 | D:5      | Noticed an orc warrior
  1621 | D:5      | Mangled by a gnoll sergeant

Illustrated notes

Levels and vault maps discovered:
D:1:      sevenhm_arrival_forest_fort_small_3, layout_rooms,
          hellmonk_ecumenical_altar_blasted
D:2:      layout_basic, basic_altar
D:3:      minmay_wonky_spiral, layout_basic
D:5:      minmay_chambers_of_threes, layout_basic, bloody_makhleb,
          sword_in_stone, uniq_sigmund, uniq_ijyb

Skill      XL: |  1  2  3 |
---------------+----------+-----
Spellcasting   | 3 4 |  4.4
Hexes          | 4 5 |  5.0
Short Blades   | |  1.1
Dodging        | |  2.6
Stealth        | |  4.4

Action                   |  1- 3 |  4- 6 || total
-------------------------+-------+-------++-------
Melee: Dagger            |   139 |     2 ||   141
 Cast: Ensorcelled Hiber |    10 |       ||    10
  Use: Scroll            |     8 |     1 ||     9
       Potion            |       |     2 ||     2
 Stab: Sleeping          |    10 |       ||    10
Armor: Robe              |    11 |       ||    11
Dodge: Dodged            |   125 |    10 ||   135

Table legend: (Time is in decaauts)
 A = Elapsed time spent in this place.
 B = Non-inter-level travel time spent in this place.
 C = Inter-level travel time spent in this place.
 D = Time resting spent in this place.
 E = Time spent auto-exploring this place.
 F = Levels seen in this place.
 G = Mean time per level.
                   A        B        C        D        E       F      G
               +--------+--------+--------+--------+--------+-----+--------+
         Total |   1142 |   1128 |     14 |    100 |    628 |   4 |  285.5 |
       Dungeon |   1142 |   1128 |     14 |    100 |    628 |   4 |  285.5 |
               +--------+--------+--------+--------+--------+-----+--------+

Top non-repeatable levels by time:
     D:2: 527 daAuts
     D:1: 399 daAuts
     D:3: 164 daAuts
     D:5: 51 daAuts
